 Dungeon Crawl Stone Soup version 0.22-a0-525-gf69a080 (webtiles) character file.

393 Amnesiac the Vandal (level 6, -15/32 HPs)
             Began as a Spriggan Fighter on June 20, 2018.
             Demolished by a wyvern (18 damage)
             ... on level 3 of the Dungeon.
             The game lasted 00:06:45 (3514 turns).

Amnesiac the Vandal (Spriggan Fighter)              Turns: 3514, Time: 00:06:45

Health: -15/32     AC:  2    Str: 14    XL:     6   Next: 51%
Magic:  7/7        EV: 20    Int:  9    God:
Gold:   122        SH:  7    Dex: 16    Spells: 5/5 levels left

rFire    . . .     SeeInvis +   a - +2 short sword (venom)
rCold    . . .     Gourm    .   c - +0 buckler
rNeg     . . .     Faith    .   j - +0 robe
rPois    .         Spirit   .   (helmet restricted)
rElec    .         Reflect  .   (no cloak)
rCorr    .         Harm     .   (gloves unavailable)
MR       +....                  (boots unavailable)
Stlth    +.........             (no amulet)
HPRegen  0.10/turn              (no ring)
MPRegen  0.10/turn              (no ring)

@: very quick
A: very small, unfitting armour, see invisible, herbivore, speed 3, slow
metabolism 2
a: no special abilities


You were on level 3 of the Dungeon.
You were not hungry.

You visited 1 branch of the dungeon, and saw 3 of its levels.

You collected 122 gold pieces.

Inventory:

Hand Weapons
 a - a +2 short sword of venom (weapon)
 b - a +0 hunting sling
 n - a +0 short sword of draining
 p - a +0 long sword
Missiles
 k - 86 stones (quivered)
 o - 29 sling bullets
Armour
 c - a +0 buckler (worn)
 j - a +0 robe (worn)
Scrolls
 h - 4 scrolls of identify {!r}
 i - a scroll of magic mapping {!r}
 l - 2 scrolls of remove curse {!r}
 m - 2 scrolls of teleportation {!r}
 q - a scroll of amnesia {!r, unknown}
 r - a scroll of fear {!r}
Potions
 d - 2 potions of might {!q}
 e - a potion of resistance {!q}
 g - a potion of haste {!q, unknown}
 s - 2 potions of brilliance {!q, unknown}
Comestibles
 f - 3 rations


   Skills:
 - Level 2.5 Fighting
 - Level 2.0 Long Blades
 * Level 5.9 Slings
 - Level 4.9 Dodging
 + Level 3.5 Shields


You had 5 spell levels left.
You didn't know any spells.
Your spell library contained the following spells:

 Spells                   Type           Power        Failure   Level  Hunger
 Magic Dart               Conj           #...         45%         1    ##.....
 Conjure Flame            Conj/Fire      #.......     83%         3    ####...
 Slow                     Hex            #.......     61%         2    ###....
 Mephitic Cloud           Conj/Pois/Air  #.......     83%         3    ####...
 Blink                    Tloc           N/A          61%         2    ###....
 Call Imp                 Summ           #.......     61%         2    ###....


Dungeon Overview and Level Annotations

Branches:
Dungeon (3/15)

Altars:
Ashenzari
Cheibriados
Elyvilon

Annotations:
D:3 1 runed door


Innate Abilities, Weirdness & Mutations

You are very small and have problems with some larger weapons.
You are too small for most types of armour.
You have supernaturally acute eyesight. (SInv)
You are a herbivore.
You cover ground extremely quickly.
You need to consume almost no food.


Message History

No target in view!
No target in view!
You now have 109 gold pieces (gained 12).
You see here a club.
s - 2 golden potions {!q}
There is a stone staircase leading up here.
A bullfrog skeleton comes into view.
Found 13 gold pieces.
A bullfrog skeleton is nearby!
A bullfrog skeleton is nearby!
A bullfrog skeleton is nearby!
Found a dagger.
You puncture the bullfrog skeleton!
The bullfrog skeleton is moderately damaged.
You block the bullfrog skeleton's attack.
You hit the bullfrog skeleton.
The bullfrog skeleton is moderately damaged.
The bullfrog skeleton hits you.
You hit the bullfrog skeleton.
The bullfrog skeleton is heavily damaged.
The bullfrog skeleton closely misses you. x2
You barely miss the bullfrog skeleton.
The bullfrog skeleton is heavily damaged.
The bullfrog skeleton closely misses you.
You hit the bullfrog skeleton but do no damage.
The bullfrog skeleton is heavily damaged.
The bullfrog skeleton barely misses you.
You puncture the bullfrog skeleton!
The bullfrog skeleton is almost destroyed.
The bullfrog skeleton misses you.
The bullfrog skeleton hits you but does no damage.
You barely miss the bullfrog skeleton.
The bullfrog skeleton is almost destroyed.
The bullfrog skeleton hits you.
You puncture the bullfrog skeleton!
You destroy the bullfrog skeleton!
You now have 122 gold pieces (gained 13).
You see here a dagger.
A wyvern comes into view.
A wyvern is nearby!
A wyvern is nearby!
A wyvern is nearby!
The wyvern hisses angrily.
The wyvern barely misses you.
You hit the wyvern but do no damage. The wyvern barely misses you.
You barely miss the wyvern.
The wyvern hisses menacingly.
The wyvern bites you! The wyvern misses you.
You hit the wyvern but do no damage. The wyvern closely misses you.
The wyvern bites you.
* * * LOW HITPOINT WARNING * * *
You hit the wyvern.
The wyvern is poisoned.
The wyvern is lightly wounded.
The wyvern barely misses you.
You hit the wyvern.
The wyvern is moderately wounded.
The wyvern bites you!
* * * LOW HITPOINT WARNING * * *
The wyvern barely misses you.
You hit the wyvern.
The wyvern looks as sick as possible!
The wyvern is heavily wounded.
The wyvern bites you!!
Ouch! That really hurt!
You die...

#.# #........
####.#
#)#####..
...#.# #.# ..
##.# #######.#
#.# ........# #
###
#######.#####.#
#.......#
####.#### #@#
......l.#
#########


You could see a wyvern.

Vanquished Creatures
  Sigmund (D:2)
  A bullfrog skeleton (D:3)
  Natasha (D:2)
  An orc wizard (D:2)
  3 gnolls (D:3)
  4 adders
  2 worms
  A leopard gecko (D:2)
  6 orcs
  6 bats
  13 goblins
  6 hobgoblins
  8 jackals (D:2)
  3 frilled lizards
  10 kobolds
  7 rats
73 creatures vanquished.

Notes
Turn   | Place    | Note
-------+----------+-------------------------------------------
     0 | D:1      | Amnesiac the Spriggan Fighter began the quest for the Orb.
     0 | D:1      | Reached XP level 1. HP: 11/11 MP: 2/2
    33 | D:1      | Found a shattered altar of Ashenzari.
   447 | D:3      | Reached XP level 2. HP: 10/16 MP: 3/3
  1007 | D:1      | Reached skill level 1 in Slings
  1105 | D:1      | Reached XP level 3. HP: 9/19 MP: 4/4
  1960 | D:2      | Noticed Sigmund
  1971 | D:2      | Reached skill level 2 in Slings
  2347 | D:2      | Found a white marble altar of Elyvilon.
  2481 | D:2      | Reached XP level 4. HP: 23/23 MP: 5/5
  2569 | D:2      | Killed Sigmund
  2569 | D:2      | Reached skill level 4 in Slings
  2569 | D:2      | Reached XP level 5. HP: 12/27 MP: 6/6
  2699 | D:2      | Reached skill level 5 in Slings
  2699 | D:2      | Reached XP level 6. HP: 27/32 MP: 7/7
  2778 | D:2      | Noticed Natasha
  2787 | D:2      | Killed Natasha
  3149 | D:3      | Found a snail-covered altar of Cheibriados.
  3251 | D:3      | Found a runed door.
  3507 | D:3      | Noticed a wyvern
  3514 | D:3      | Demolished by a wyvern

Vault maps used:
D:1:      dpeg_arrival_arbitrary_b, grunt_decor_one_mirror,
          kennysheep_flooded_box, grunt_decor_cap, evilmike_ruin_ashenzari
D:2:      nicolae_overflow_crystal_walls, uniq_sigmund, uniq_natasha
D:3:      marbit_many_paths, lemuel_coloured_pillars_altar,
          uniq_crazy_yiuf_cottage

Skill      XL: |  1  2  3  4  5 |
---------------+----------------+-----
Long Blades    | 2 |  2.0
Slings         | 1 2 4 5 |  5.9
Shields        | 3 |  3.5
Fighting       | |  2.5
Dodging        | |  4.9

Action                   |  1- 3 |  4- 6 || total
-------------------------+-------+-------++-------
Melee: Long sword        |    87 |       ||    87
       Short sword       |    31 |    98 ||   129
  Use: Scroll            |     7 |       ||     7
  Eat: Ration            |     1 |       ||     1
Armor: Robe              |    14 |     4 ||    18
Dodge: Dodged            |   114 |    50 ||   164
Block: Buckler           |    30 |    19 ||    49
       Rpst.: Long sword |    39 |       ||    39

Table legend:
 A = Spawn XP
 B = Non-spawn XP
 C = Spawn XP percentage of total XP
 D = Spawn monster count
 E = Non-spawn monster count
 F = Spawn count percentage of total count
 G = Total turns spent on level
                    A         B        C        D         E        F      G
               +---------+---------+-------+---------+---------+-------+---------
         Total |       0 |     562 |   0.0 |       0 |      73 |   0.0 |  3514
               +---------+---------+-------+---------+---------+-------+---------
           D:1 |       0 |      23 |   0.0 |       0 |      17 |   0.0 |  1343
           D:2 |       0 |     407 |   0.0 |       0 |      33 |   0.0 |  1564
           D:3 |       0 |     132 |   0.0 |       0 |      23 |   0.0 |   607
               +---------+---------+-------+---------+---------+-------+---------
